Map: Lightshade LE

Players

A.I. 1 (Elite)

  • Race: Protoss Protoss

joan - Winner!

  • Race: Protoss Protoss

VOD

Have the link to the VOD?

Description

Time

  • Played on: May 18, 2021, 8:49 p.m.
  • Length: 14:06
Show
View Real Time Build Order
Export as new Build Order

A.I. 1 (Elite) Protoss 

Build Orders: Zealot Archon, Colossus Rush 

Get SALT Encoding   

  12  0:00  Probe  
  13  0:13  Probe  
  14  0:19  Pylon  
  14  0:25  Probe  
  15  0:33  Probe  
  15  0:41  Probe  
  16  0:47  Assimilator  
  17  0:51  Probe, Gateway  
  18  0:59  Probe  
  18  1:01  Pylon  
  19  1:07  Probe  
  19  1:18  Probe  
  21  1:30  Probe  
  22  1:39  Zealot  
  24  1:42  Probe  
  25  1:48  Nexus  
  25  1:59  Cybernetics Core, Probe  
  25  2:07  Probe  
  27  2:15  Probe  
  28  2:25  Pylon, Warp Gate  
  28  2:28  Probe  
  29  2:34  Stalker  
  31  2:37  Gateway  
  31  2:41  Assimilator  
  31  2:43  Probe  
  32  2:55  Probe  
  32  2:56  Adept  
  32  2:59  Pylon  
  32  3:00  Probe  
  35  3:07  Probe  
  36  3:13  Probe  
  38  3:20  Probe  
  38  3:25  Robotics Facility  
  38  3:26  Adept  
  30  3:27  Adept  
  40  3:29  Probe  
  40  3:32  Probe  
  44  3:41  Probe  
  44  3:44  Probe  
  46  3:54  Probe  
  47  3:56  Probe, Adept  
  47  3:57  Adept  
  52  4:04  Probe  
  52  4:08  Probe  
  54  4:13  Probe  
  54  4:14  Pylon  
  54  4:15  Observer  
  56  4:17  Robotics Bay  
  56  4:20  Probe  
  56  4:21  Probe  
  56  4:23  Robotics Facility  
  57  4:30  Pylon  
  58  4:34  Stalker, Adept  
  62  4:39  Probe  
  62  4:40  Pylon, Probe  
  64  4:54  Stalker  
  66  5:03  Colossus, Gateway  
  66  5:10  Zealot  
  66  5:11  Pylon  
  74  5:14  Zealot  
  76  5:22  Pylon  
  76  5:28  Zealot  
  78  5:30  Zealot  
  80  5:45  Assimilator, Probe x2  
  80  5:47  Twilight Council  
  80  5:49  Stalker  
  84  5:50  Forge  
  84  5:52  Assimilator  
  84  5:53  Nexus  
  84  5:57  Forge  
  84  6:03  Sentry  
  86  6:08  Probe x2  
  88  6:13  Pylon  
  88  6:16  Probe  
  88  6:21  Probe  
  90  6:30  Templar Archives  
  90  6:39  Pylon  
  90  6:44  Gateway  
  90  6:59  Photon Cannon, Stalker  
  90  7:01  Pylon, Probe  
  92  7:04  Probe, Stalker  
  92  7:05  Probe  
  92  7:07  High Templar  
  99  7:09  Probe  
  99  7:12  Assimilator, Probe  
  99  7:13  Pylon  
  100  7:16  Protoss Ground Weapons Level 1, Assimilator  
  100  7:17  Observer, Probe x2  
  100  7:20  Probe  
  100  7:22  Stalker  
  105  7:26  Probe  
  105  7:27  Stalker  
  105  7:29  Probe  
  109  7:31  Probe  
  109  7:35  Probe  
  111  7:37  Sentry  
  111  7:39  High Templar  
  111  7:43  Probe x2  
  118  7:44  Protoss Ground Armor Level 1  
  118  7:45  Zealot, Photon Cannon  
  118  7:47  Probe  
  118  7:48  Archon  
  118  7:50  High Templar  
  123  7:55  Probe  
  123  7:56  Probe  
  123  7:58  Photon Cannon  
  125  7:59  Pylon, Probe  
  125  8:01  Zealot  
  125  8:04  Probe  
  125  8:05  Zealot  
  130  8:11  Photon Cannon, Stalker  
  133  8:17  Immortal  
  137  8:21  Zealot  
  137  8:22  Pylon, Zealot  
  137  8:23  Immortal  
  137  8:25  Stalker  
  147  8:34  High Templar  
  147  8:35  Pylon  
  147  8:38  Charge  
  147  8:40  Archon  
  147  8:41  Sentry  
  151  8:42  Photon Cannon  
  151  8:43  Stalker  
  151  8:48  Colossus, High Templar  
  153  8:53  Nexus  
  155  8:57  Pylon  
  155  9:03  Immortal  
  155  9:04  High Templar, Warp Prism  
  155  9:05  Photon Cannon  
  155  9:08  Archon  
  163  9:10  Photon Cannon  
  163  9:13  High Templar  
  165  9:19  Pylon  
  165  9:23  High Templar  
  167  9:32  Colossus  
  167  9:38  Pylon  
  167  9:40  Observer  
  167  9:41  Photon Cannon  
  167  9:42  Archon, Observer  
  167  9:43  High Templar  
  167  9:44  Photon Cannon, Stalker  
  173  9:46  Colossus  
  173  9:49  Gateway  
  173  9:54  Zealot, High Templar  
  173  10:01  Warp Prism  
  173  10:02  Pylon  
  171  10:07  Zealot, Probe  
  171  10:09  Probe  
  171  10:10  Probe  
  171  10:11  Assimilator  
  158  10:14  High Templar  
  158  10:15  Zealot  
  158  10:19  Zealot  
  145  10:27  Zealot  
  136  10:31  Colossus  
  136  10:33  Assimilator  
  136  10:34  Probe  
  136  10:35  High Templar  
  134  10:36  Zealot  
  134  10:38  Probe  
  129  10:42  Probe  
  129  10:43  Zealot, High Templar  
  129  10:44  Zealot  
  129  10:45  High Templar  
  124  10:50  Nexus  
  108  11:33  Pylon  
  51  11:49  Nexus  
  37  11:56  Nexus  
  37  12:00  Assimilator  
  29  12:30  Nexus  
  29  13:14  Nexus  
  29  13:18  Pylon  
  29  13:22  Gateway  
Show
View Real Time Build Order
Export as new Build Order

joan Protoss - Winner!

Build Orders: 1 Gate Expand, Double Forge, Archon Immortal 

Get SALT Encoding   

  12  0:00  Probe  
  13  0:12  Probe  
  14  0:17  Pylon  
  14  0:24  Probe (Chrono Boost)  
  15  0:37  Probe (Chrono Boost), Gateway  
  16  0:45  Probe (Chrono Boost)  
  17  0:54  Probe  
  17  0:55  Assimilator  
  18  1:06  Probe  
  19  1:19  Nexus  
  19  1:22  Probe  
  20  1:30  Cybernetics Core  
  20  1:34  Probe  
  21  1:40  Assimilator  
  21  1:45  Pylon  
  21  1:49  Probe  
  22  2:01  Probe  
  22  2:06  Warp Gate  
  22  2:07  Stalker  
  25  2:14  Probe  
  26  2:20  Gateway  
  26  2:27  Probe (Chrono Boost)  
  27  2:30  Robotics Facility  
  27  2:33  Probe (Chrono Boost)  
  28  2:40  Sentry  
  32  2:44  Probe x2 (Chrono Boost)  
  32  2:50  Probe x2 (Chrono Boost)  
  34  3:01  Probe  
  34  3:02  Probe  
  36  3:07  Stalker  
  36  3:08  Stalker  
  40  3:13  Probe  
  40  3:14  Probe  
  40  3:17  Observer  
  43  3:23  Pylon  
  43  3:25  Probe  
  43  3:27  Probe  
  45  3:38  Probe  
  45  3:40  Nexus  
  46  3:41  Observer  
  46  3:44  Pylon  
  46  3:45  Probe  
  48  3:52  Probe  
  49  3:56  Assimilator  
  49  3:57  Probe  
  49  3:58  Assimilator  
  50  4:04  Probe  
  50  4:09  Probe  
  52  4:10  Immortal  
  52  4:16  Probe  
  57  4:22  Probe, Stalker x2  
  62  4:27  Pylon  
  62  4:34  Twilight Council  
  62  4:37  Forge  
  62  4:42  Forge  
  62  4:45  Pylon, Probe x2  
  64  4:55  Immortal  
  70  5:00  Probe (Chrono Boost)  
  70  5:02  Probe (Chrono Boost)  
  70  5:04  Protoss Ground Weapons Level 1 (Chrono Boost)  
  70  5:05  Probe (Chrono Boost)  
  71  5:07  Protoss Ground Armor Level 1 (Chrono Boost)  
  71  5:10  Probe (Chrono Boost)  
  71  5:12  Probe (Chrono Boost)  
  71  5:13  Probe (Chrono Boost)  
  74  5:15  Probe (Chrono Boost)  
  74  5:16  Charge  
  74  5:20  Sentry  
  77  5:22  Probe, Stalker  
  77  5:24  Probe  
  77  5:26  Immortal  
  77  5:27  Probe  
  82  5:34  Probe  
  83  5:36  Probe  
  83  5:38  Pylon, Probe  
  89  5:46  Probe x2  
  89  5:48  Probe  
  91  5:56  Nexus  
  91  5:57  Probe  
  92  5:58  Probe  
  92  5:59  Pylon  
  92  6:00  Probe  
  92  6:04  Assimilator  
  95  6:08  Assimilator  
  95  6:09  Probe  
  95  6:10  Probe  
  97  6:12  Probe  
  97  6:17  Immortal  
  102  6:20  Templar Archives  
  102  6:24  Pylon  
  102  6:25  Gateway  
  102  6:27  Zealot x2  
  102  6:28  Probe  
  102  6:29  Probe  
  102  6:30  Probe  
  109  6:42  Probe x3  
  109  6:44  Protoss Ground Armor Level 2 (Chrono Boost)  
  109  6:45  Pylon  
  112  6:47  Protoss Ground Weapons Level 2 (Chrono Boost)  
  112  6:54  Probe x2  
  112  6:57  High Templar  
  116  7:03  Immortal  
  120  7:09  Probe (Chrono Boost)  
  120  7:11  Probe x2 (Chrono Boost)  
  120  7:12  Probe (Chrono Boost)  
  124  7:19  Pylon  
  124  7:21  Probe (Chrono Boost)  
  124  7:22  Pylon  
  128  7:23  Gateway  
  128  7:24  Probe (Chrono Boost)  
  128  7:25  Pylon, Probe x2 (Chrono Boost), Gateway  
  128  7:27  Gateway  
  128  7:28  High Templar x2  
  132  7:30  High Templar  
  132  7:31  Gateway  
  132  7:32  Archon, Probe  
  132  7:34  Archon, Gateway  
  135  7:42  Assimilator  
  135  7:44  Assimilator  
  135  7:46  Gateway  
  135  7:49  Gateway  
  135  7:51  Gateway  
  135  7:53  Gateway  
  135  7:55  Gateway  
  135  7:56  Immortal  
  135  7:57  Gateway  
  139  8:00  Gateway  
  139  8:01  Gateway  
  139  8:02  Gateway  
  139  8:05  Pylon  
  139  8:06  High Templar  
  139  8:07  High Templar x2  
  139  8:08  Pylon  
  145  8:15  Pylon  
  145  8:20  High Templar  
  145  8:21  High Templar  
  145  8:22  High Templar  
  145  8:23  Archon  
  145  8:24  Archon  
  151  8:30  High Templar  
  151  8:32  Zealot  
  155  8:38  Immortal (Chrono Boost)  
  159  8:42  Pylon  
  159  8:44  Pylon  
  159  8:46  Zealot x6  
  171  8:49  High Templar  
  171  8:53  Archon  
  173  8:59  Zealot x8  
  173  9:00  Zealot, Protoss Ground Armor Level 3 (Chrono Boost)  
  191  9:10  Protoss Ground Weapons Level 3 (Chrono Boost)  
  191  9:11  Zealot x3  
  191  9:12  Zealot  
  199  9:42  Gateway  
  199  9:44  Gateway  
  199  9:46  Gateway  
  199  9:47  Nexus  
  199  9:48  Pylon, Gateway  
  199  9:50  Gateway  
  199  9:51  Assimilator  
  199  9:52  Assimilator  
  197  9:54  Pylon  
  189  10:18  Nexus  
  189  10:20  Pylon  
  188  10:22  Pylon  
  188  10:25  Probe x2  
  189  10:34  Nexus  
  188  10:37  Pylon, Probe  
  188  10:38  Probe  
  188  10:40  Pylon  
  188  10:42  Assimilator  
  188  10:47  Assimilator  
  188  10:55  Nexus  
  188  10:56  Pylon  
  188  10:58  Probe x2  
  188  10:59  Pylon  
  190  11:08  High Templar x4  
  190  11:10  Probe  
  190  11:11  Probe  
  199  11:12  Archon x2  
  199  11:23  Probe x2  
  181  11:33  Nexus  
  181  11:35  Pylon, Probe x2  
  181  11:38  Pylon  
  153  11:42  Warp Prism (Chrono Boost)  
  153  11:43  Protoss Shields Level 1 (Chrono Boost)  
  132  11:47  Probe x2  
  132  11:53  Probe  
  128  11:59  Probe x2  
  126  12:05  Probe  
  126  12:06  High Templar  
  126  12:07  High Templar  
  126  12:08  High Templar x8  
  133  12:10  Immortal (Chrono Boost)  
  133  12:11  Probe x2  
  133  12:12  Archon x4  
  133  12:13  Archon  
  153  12:34  Gateway  
  153  12:36  Gateway  
  153  12:38  Gateway  
  153  12:40  Gateway x2  
  153  12:43  Gateway  
  153  12:44  Probe x2  
  155  13:00  High Templar x9  
  155  13:05  High Templar, Assimilator  
  175  13:07  Archon x2  
  175  13:08  Archon x2  
  175  13:09  Assimilator  
  175  13:10  Archon  
  175  13:55  Zealot x3  
  175  13:56  Zealot x8  
  175  13:57  Zealot  
Tags
 
Add a new tag
Caveats
  • Supply blocks, unpowered buildings, or Contaminate may cause inaccurate times.
  • Supply counts are checked every 10 seconds.